 Dungeon Crawl Stone Soup version 0.23.2-40-g277498a001 (webtiles) character file.

Game seed: 9498528886424859021

35 Destapler the Sneak (level 3, -1/31 HPs)
             Began as a Naga Ice Elementalist on Aug 18, 2019.
             Slain by a goblin
             ... wielding a +0 dagger
             ... led by Robin
              (3 damage)
             ... on level 1 of the Dungeon.
             The game lasted 00:05:36 (1255 turns).

Destapler the Sneak (Naga Ice Elementalist)         Turns: 1255, Time: 00:05:36

Health: -1/31      AC:  2    Str: 14    XL:     3   Next: 35%
Magic:  5/6        EV: 10    Int: 16    God:
Gold:   68         SH:  4    Dex: 11    Spells: 3/6 levels left

rFire    . . .     SeeInvis +   g - +0 dagger
rCold    . . .     Gourm    .   (no shield)
rNeg     . . .     Faith    .   a - +0 robe
rPois    +         Spirit   .   (no helmet)
rElec    .         Reflect  .   (no cloak)
rCorr    .         Harm     .   (no gloves)
MR       .....                  (no barding)
Stlth    ++........             (no amulet)
HPRegen  0.00/turn              (no ring)
MPRegen  0.10/turn              (no ring)

@: short of breath, very slow
A: large, large bone plates 1, see invisible, deformed body, poison resistance,
slowness 2, inhibited regeneration, slow metabolism 1, spit poison 1, strong 2,
AC +1
a: Spit Poison


You were on level 1 of the Dungeon.
You were not hungry.

You visited 1 branch of the dungeon, and saw 2 of its levels.

You collected 68 gold pieces.

Inventory:

Hand Weapons
 g - a +0 dagger (weapon)
Missiles
 b - 33 stones (quivered)
Armour
 a - a +0 robe (worn)
Scrolls
 e - a scroll of enchant weapon {unknown}
 f - a scroll of remove curse {unknown}
 h - a scroll of identify {unknown}
Potions
 d - a potion of mutation
 i - a potion of heal wounds {unknown}
Comestibles
 c - 2 rations
 j - a chunk of flesh


   Skills:
 + Level 1.0 Fighting
 + Level 1.8 Dodging
 + Level 3.5 Stealth
 + Level 2.2 Spellcasting
 * Level 1.6 Conjurations
 + Level 3.2 Ice Magic


You had 3 spell levels left.
You knew the following spells:

 Your Spells              Type           Power        Failure   Level  Hunger
a - Freeze                Ice            ##..         5%          1    #......
b - Throw Frost           Conj/Ice       #.....       12%         2    ###....

Your spell library contained the following spells:

 Spells                   Type           Power        Failure   Level  Hunger
 Ozocubu's Armour         Chrm/Ice       #.......     30%         3    ###....
 Throw Icicle             Conj/Ice       #.......     58%         4    #####..
 Summon Ice Beast         Ice/Summ       #.......     71%         4    #####..


Dungeon Overview and Level Annotations

Branches:
Dungeon (2/15)

Altars:

Annotations:
D:2 Robin


Innate Abilities, Weirdness & Mutations

You cannot wear boots.
Your serpentine skin is tough. (AC +1)
You have supernaturally acute eyesight. (SInv)
Armour fits poorly on your strangely shaped body.
Your system is resistant to poisons. (rPois)
You cover ground very slowly.
You have a slow metabolism.
You can spit poison.
You are partially covered in large bone plates. (SH +4)
You do not regenerate when monsters are visible.
Your muscles are very strong. (Str +4)


Message History

You block the goblin's attack. The goblin closely misses you.
Okay, then.
Press: ? - help, Shift-Dir - straight line, f - goblin
Aim: a goblin, wielding a +0 club The splash of poison misses the goblin.
You feel slightly more hungry. The goblin closely misses you.
The goblin hits you with a +0 club.
* * * LOW HITPOINT WARNING * * *
The goblin hits you but does no damage. The goblin misses you.
You block the goblin's attack. x2
Casting: Freeze (safe; 5% risk of failure)
Confirm with . or Enter, or press ? or * to list all spells.
Aiming: Freeze (safe; 5% risk of failure)
Press: ? - help, Shift-Dir - straight line, f/p - goblin
Aim: a goblin, wielding a +0 club You freeze the goblin.
You kill the goblin!
Your Fighting skill increases to level 1!
The goblin misses you. The goblin closely misses you.
You block the goblin's attack. The goblin hits you with a +0 dagger.
You die...

#...# #########>......#
#...#################....##
#>...........#...# #....#
#...##########.<.# ##...#
#...##########...# #...#
##...#.......###'## #...#
.....#.......###'#### #...#
.....#.⌠.8.⌠.#.ggg..###...#
.....#.......'.)@g...##...#
.....#.......#.g.g........#
.....##################...#
.....##.....# #...#
..##........# #####
..########### ..# .## .#


You could see 6 goblins.

Vanquished Creatures
  An adder (D:2)
  A dart slug (D:1)
  A leopard gecko (D:1)
  2 giant cockroaches (D:1)
  5 goblins (D:1)
  2 hobgoblins (D:1)
  2 kobolds (D:1)
  A quokka (D:2)
  3 frilled lizards (D:1)
  4 rats (D:1)
22 creatures vanquished.

Notes
Turn   | Place    | Note
-------+----------+-------------------------------------------
     0 | D:1      | Destapler the Naga Ice Elementalist began the quest for the
                  | Orb.
     0 | D:1      | Reached XP level 1. HP: 15/15 MP: 3/3
   471 | D:1      | Reached XP level 2. HP: 24/24 MP: 3/5
   616 | D:1      | Learned a level 2 spell: Throw Frost
  1117 | D:2      | Reached XP level 3. HP: 30/30 MP: 6/6
  1166 | D:2      | Noticed Robin
  1253 | D:1      | Gained mutation: You are partially covered in large bone
                  | plates. (SH +4) [potion of mutation]
  1253 | D:1      | Gained mutation: Your muscles are strong. (Str +2) [potion
                  | of mutation]
  1253 | D:1      | Gained mutation: You do not regenerate when monsters are
                  | visible. [potion of mutation]
  1253 | D:1      | Gained mutation: Your muscles are very strong. (Str +4)
                  | [potion of mutation]
  1255 | D:1      | Reached skill level 1 in Fighting
  1255 | D:1      | Slain by a goblin

Skill      XL: |  1  2  3 |
---------------+----------+-----
Fighting       | 1 |  1.0
Dodging        | |  1.8
Stealth        | |  3.5
Spellcasting   | |  2.2
Conjurations   | |  1.6
Ice Magic      | |  3.2

Action                   || total
-------------------------++-------
Melee: Unarmed           ||    27
       Dagger            ||    16
 Cast: Freeze            ||    18
       Throw Frost       ||     3
 Abil: Spit Poison       ||     2
  Use: Potion            ||     1
 Stab: Sleeping          ||     4
  Eat: Chunk             ||     1
Armor: Robe              ||     8
Dodge: Dodged            ||    41
Block: Other             ||     5
